 Dungeon Crawl Stone Soup version 0.29.1-4-g47bece8355 (webtiles) character file.

Game seed: 8182686782265531150

218 Thatpatchoflichen the Chiller (level 5, 0/45 HPs)
             Began as a Draconian Ice Elementalist on Dec 7, 2022.
             Slain by a goblin
             ... wielding a +0 club
             ... led by Robin
              (4 damage)
             ... on level 4 of the Dungeon.
             The game lasted 00:08:53 (2244 turns).

Thatpatchoflichen the Chiller (DrIE)                Turns: 2244, Time: 00:08:54

Health: 0/45       AC:  6    Str: 11    XL:     5   Next: 63%
Magic:  18/18      EV: 12    Int: 17    God:
Gold:   124        SH:  0    Dex: 11    Spells: 6/10 levels left

rFire   . . .      SeeInvis .   j - +0 long sword
rCold   . . .      Faith    .   (no shield)
rNeg    . . .      Spirit   .   (body armour unavailable)
rPois   .          Reflect  .   (helmet restricted)
rElec   .          Harm     .   (no cloak)
rCorr   .          Rampage  .   (no gloves)
Will    .....                   e - +0 pair of boots
Stlth   ++........              (no amulet)
HPRegen 0.15/turn               d - ring of magical power
MPRegen 0.16/turn               (no ring)

@: no status effects
A: AC +5, unfitting armour, cold-blooded
a: no special abilities


You were on level 4 of the Dungeon.
You visited 1 branch of the dungeon, and saw 4 of its levels.

You collected 124 gold pieces.

Inventory:

Hand Weapons
 j - a +0 long sword (weapon)
 k - a +0 sling
Missiles
 l - 10 stones
Armour
 b - a +0 buckler
 e - a +0 pair of boots (worn)
Jewellery
 d - a ring of magical power (left hand)
Scrolls
 c - a scroll of identify {unknown}
 f - a scroll of fear {unknown}
 i - 2 scrolls of teleportation {unknown}
 m - a scroll of noise {unknown}
 n - a scroll of enchant armour {unknown}
 o - a scroll of poison {unknown}
 p - a scroll of amnesia {unknown}
 q - a scroll of vulnerability {unknown}
Potions
 a - a potion of magic
 g - a potion of mutation {unknown}
 h - 2 potions of curing {unknown}


   Skills:
 * Level 3.6 Fighting
 + Level 2.8 Dodging
 - Level 2.0 Stealth
 + Level 3.0 Spellcasting
 + Level 4.6 Ice Magic


You had 6 spell levels left.
You knew the following spells:

 Your Spells              Type           Power      Damage    Failure   Level
a - Freeze                Ice            72%        1d9       2%          1
b - Frozen Ramparts       Ice            36%        1d6       8%          3

Your spell library contained the following spells:

 Spells                   Type           Power      Damage    Failure   Level
 Ozocubu's Armour         Ice            18%        N/A       8%          3
 Hailstorm                Conj/Ice       10%        3d5       54%         4


Dungeon Overview and Level Annotations

Branches:
Dungeon (4/15)
 Temple: D:4-7

Altars:

Annotations:
D:4 Robin


Innate Abilities, Weirdness & Mutations

Your plain brown scales are hard. (AC +5)
You cannot fit into any form of body armour.
You are cold-blooded and may be slowed by cold attacks.


Message History

The goblin closely misses you. Robin throws the goblin at you!
The goblin misses you. The goblin attacks as you move away!
The goblin misses you. The goblin attacks as you move away!
The goblin hits you but does no damage.
Found a scroll labelled JEMOIF FAOLUOM.
Robin roars a battlecry!
The goblins go into a battle-frenzy!
The goblin hits you with a +0 club. The goblin barely misses you.
You hear a shout!
You closely miss the goblin.
You hear the slow rusting of a drain very nearby.
Robin throws the goblin at you! The goblin misses you.
The goblin hits you but does no damage. The goblin hits you with a +0 club. x2
The goblin barely misses you. The goblin hits you with a +0 club. x2
The goblin barely misses you. The goblin hits you with a +0 club. x2
* * * LOW HITPOINT WARNING * * *
You hit the goblin.
You kill the goblin!
The goblin closely misses you. The goblin barely misses you.
The goblin hits you with a +0 club.
* * * LOW HITPOINT WARNING * * *
The goblin closely misses you. The goblin attacks as you move away!
The goblin hits you but does no damage.
An orc comes into view. It is wielding a +1 vorpal trident.
The goblin misses you.
Things that are here:
a +0 club; a +1 sling of freezing; a goblin corpse The goblin attacks as you move away!
The goblin closely misses you.
A lemure comes into view.
The lemure shouts!
You hear a shout! x3
A lemure comes into view.
The goblin completely misses you. The goblin attacks as you move away!
The goblin hits you with a +0 club.
* * * LOW HITPOINT WARNING * * *
The goblin barely misses you.
The goblin no longer looks unusually strong. x2
The goblin hits you with a +0 club.
* * * LOW HITPOINT WARNING * * *
Robin throws the goblin at you! The goblin hits you with a +0 club.
You die...

#...# #...# ####.. #
#...# #....g.#
######...######.##...
#.............#.##.#
##
.......S.g...)..(.# g
..?55..g)....#.##.#g#
#####ggg######g##.#.#
#@g.# #g..g..#
#g###.# ####.### ##
## #.# #.#### #.....
###.## #.# ####.#
#....#


You could see a lemure, Robin, 6 goblins and a ball python.

Vanquished Creatures
  Sigmund (D:2)
  An adder (D:1)
  4 ball pythons
  4 endoplasms
  A giant cockroach (D:2)
  7 goblins
  4 hobgoblins
  4 jackals
  4 bats
  A frilled lizard (D:1)
  2 kobolds
  5 rats
38 creatures vanquished.

Notes
Turn   | Place    | Note
-------+----------+-------------------------------------------
     0 | D:1      | Thatpatchoflichen the Draconian Ice Elementalist began the
                  | quest for the Orb.
     0 | D:1      | Reached XP level 1. HP: 14/14 MP: 3/3
   406 | D:1      | Reached skill level 1 in Fighting
   406 | D:1      | Reached XP level 2. HP: 23/23 MP: 5/5
   651 | D:1      | Found a faded altar of an unknown god.
  1076 | D:1      | Reached XP level 3. HP: 22/28 MP: 6/6
  1194 | D:2      | Noticed Sigmund
  1471 | D:1      | Learned a level 3 spell: Frozen Ramparts
  1879 | D:2      | Killed Sigmund
  1880 | D:2      | Reached XP level 4. HP: 20/38 MP: 7/8
  1880 | D:2      | Reached XP level 5. HP: 24/45 MP: 7/9
  2219 | D:4      | Noticed Robin
  2240 | D:4      | Noticed a lemure
  2240 | D:4      | Noticed a lemure
  2244 | D:4      | Slain by a goblin

Illustrated notes

Levels and vault maps discovered:
D:1:      erik_arrival_blinker_ship, layout_rooms,
          chequers_ecumenical_altar_simple, minmay_crystal_water,
          grunt_decor_cap, minmay_misc_feat_plants, corexii_corridor_pit,
          minmay_tiny_reverse_x
D:2:      layout_loops_ring, st_stairs_13, uniq_sigmund
D:3:      layout_basic
D:4:      layout_loops_cross, slow_altar_2, gup_sewer_entry_bubbles,
          grunt_decor_arrowhead, uniq_robin, uniq_crazy_yiuf_cottage, uniq_pikel

Skill      XL: |  1  2  3 |
---------------+----------+-----
Fighting       | 1 3 |  3.6
Dodging        | 2 |  2.8
Stealth        | 2 |  2.0
Spellcasting   | 3 |  3.0
Ice Magic      | |  4.6

Action                   |  1- 3 |  4- 6 || total
-------------------------+-------+-------++-------
Melee: Unarmed           |    53 |       ||    53
       Tailslap          |    10 |       ||    10
       Punch             |     1 |       ||     1
       Long sword        |    24 |     6 ||    30
 Cast: Freeze            |    29 |       ||    29
       Frozen Ramparts   |     1 |       ||     1
Armor: Skin              |    47 |    10 ||    57
Dodge: Dodged            |    85 |    23 ||   108
